Map: Catalyst LE

Players

Aggression

  • Race: Terran Terran
  • League: Grandmaster
  • Spawn Location: 11:00

birdy - Winner!

  • Race: Zerg Zerg
  • League: Master
  • Spawn Location: 5:00

VOD

https://www.youtube.com/watch?v=jAXWkgURQ54&t=143s

Description

Sc2 - Zerg vs Terran GUIDE - ZvT - Nydus Queen Roach - Starcraft 2. Probleme mit Terran ? :D Mit diesem Build lässt du Teraner die Power of Zerg im early/mid game spüren. RIP Terran Twitchchannel: https://www.twitch.tv/birdysc2

Time

  • Played on: Feb. 2, 2018, 5:17 a.m.
  • Length: 6:26
Show
View Real Time Build Order
Export as new Build Order

Aggression Terran 

Build Orders: Hellion Opening, Reaper Expand 

Get SALT Encoding   

  12  0:00  SCV  
  13  0:13  SCV  
  14  0:17  Supply Depot  
  14  0:25  SCV  
  15  0:39  SCV  
  15  0:41  Barracks  
  16  0:45  Refinery  
  16  0:51  SCV  
  17  1:03  SCV  
  18  1:15  SCV  
  19  1:28  Orbital Command, Reaper  
  20  1:41  Command Center  
  20  1:54  SCV  
  20  1:56  Supply Depot  
  20  2:00  Marine  
  22  2:06  SCV  
  23  2:11  Factory  
  23  2:16  Refinery  
  23  2:18  SCV  
  23  2:22  Barracks Reactor  
  24  2:30  SCV  
  25  2:43  SCV  
  26  2:55  Orbital Command  
  26  2:56  Starport  
  26  3:02  SCV  
  26  3:05  Hellion x2  
  31  3:08  Barracks Tech Lab  
  31  3:14  SCV  
  31  3:18  Supply Depot  
  32  3:25  SCV  
  32  3:26  SCV, Hellion  
  32  3:27  Hellion  
  38  3:37  SCV  
  38  3:38  SCV  
  40  3:43  Raven  
  42  3:49  SCV  
  42  3:51  SCV, Hellion x2  
  42  3:54  Barracks Tech Lab  
  47  4:02  Command Center  
  47  4:04  SCV  
  47  4:05  SCV  
  47  4:09  Supply Depot  
  49  4:16  SCV  
  49  4:17  SCV  
  51  4:24  Stimpack  
  51  4:28  SCV  
  51  4:29  SCV  
  53  4:33  Raven  
  55  4:39  Engineering Bay  
  55  4:40  Engineering Bay, SCV  
  55  4:41  SCV  
  57  4:51  Barracks  
  57  4:52  SCV  
  58  4:53  SCV  
  58  4:55  Barracks  
  58  4:56  Factory Reactor, Refinery  
  58  4:58  Refinery  
  59  5:03  Supply Depot  
  59  5:04  SCV  
  59  5:05  SCV  
  61  5:10  Marine  
  62  5:16  SCV  
  62  5:17  SCV  
  64  5:28  Orbital Command, SCV  
  64  5:29  SCV  
  64  5:31  Starport Reactor  
  66  5:40  SCV  
  66  5:41  SCV  
  73  5:42  Marauder, Siege Tank  
  73  5:43  Marine x2  
  73  5:47  Barracks  
  73  5:48  Marine x2, Barracks  
  77  5:53  SCV x2  
  77  5:56  SCV  
  80  6:05  SCV x2  
  80  6:07  Marine  
  80  6:08  SCV  
Show
View Real Time Build Order
Export as new Build Order

birdy Zerg - Winner!

Build Orders: Hatch First, Roach Nydus 

Get SALT Encoding   

  12  0:01  Drone  
  13  0:13  Overlord  
  13  0:17  Drone  
  14  0:33  Drone x2  
  14  0:35  Drone  
  17  0:54  Hatchery  
  17  0:56  Drone  
  17  0:58  Drone  
  18  1:11  Extractor  
  18  1:14  Spawning Pool  
  18  1:17  Drone  
  17  1:20  Drone  
  18  1:29  Drone  
  19  1:44  Overlord  
  19  2:02  Queen  
  19  2:04  Zergling x4  
  19  2:06  Queen  
  19  2:07  Drone  
  26  2:12  Metabolic Boost  
  26  2:13  Drone  
  27  2:17  Drone  
  28  2:23  Drone  
  29  2:32  Drone  
  29  2:34  Drone  
  30  2:38  Drone, Queen  
  33  2:51  Pneumatized Carapace  
  33  2:53  Overlord x2  
  33  3:00  Drone x2  
  35  3:14  Drone x7  
  42  3:24  Drone x3  
  45  3:36  Drone x2  
  47  3:45  Hatchery  
  47  3:48  Spore Crawler  
  45  3:49  Drone x6  
  45  3:54  Extractor  
  50  3:56  Roach Warren, Extractor  
  48  4:05  Lair  
  48  4:06  Queen  
  50  4:10  Overlord  
  50  4:11  Overlord  
  50  4:27  Overlord  
  50  4:28  Overlord  
  50  4:34  Zergling x6  
  50  4:38  Roach x3  
  59  4:39  Roach  
  59  4:42  Queen  
  63  4:52  Roach x3  
  69  4:58  Queen  
  71  5:03  Queen  
  73  5:09  Roach, Nydus Network  
  74  5:17  Roach x3  
  74  5:18  Queen  
  80  5:23  Drone  
  80  5:24  Drone  
  80  5:25  Drone  
  83  5:28  Overseer  
  83  5:33  Roach x3  
  89  5:46  Nydus Canal  
  89  5:53  Overlord x4  
  86  6:06  Roach  
  86  6:07  Roach  
Tags
 
Add a new tag
Caveats
  • Supply blocks, unpowered buildings, or Contaminate may cause inaccurate times.
  • Supply counts are checked every 10 seconds.